 Dungeon Crawl Stone Soup version 0.28.0-53-g5a82cb258f (webtiles) character file.

Game seed: 9080621991075411602

2 SanguineChosen the Skirmisher (level 1, 0/14 HPs)
             Began as a Gargoyle Monk on June 28, 2022.
             Slain by a kobold
             ... wielding a +0 short sword
              (4 damage)
             ... on level 1 of the Dungeon.
             The game lasted 00:00:49 (71 turns).

SanguineChosen the Skirmisher (Gargoyle Monk)         Turns: 71, Time: 00:00:50

Health: 0/14       AC:  4    Str: 14    XL:     1   Next: 30%
Magic:  1/1        EV: 12    Int: 10    God:
Gold:   0          SH:  0    Dex: 12    Spells: 0/0 levels left

rFire   . . .      SeeInvis .   a - +0 mace
rCold   . . .      Faith    .   (no shield)
rNeg    + . .      Spirit   .   b - +0 robe
rPois   ∞          Reflect  .   (no helmet)
rElec   +          Harm     .   (no cloak)
rCorr   .          Rampage  .   (no gloves)
Will    .....                   (no boots)
Stlth   ++........              (no amulet)
HPRegen 0.04/turn               (no ring)
MPRegen 0.07/turn               (no ring)

@: no status effects
A: sickness immunity, AC +2, negative energy resistance 1, electricity
resistance, torment resistance 1, petrification resistance
a: no special abilities


You were on level 1 of the Dungeon.
You visited 1 branch of the dungeon, and saw 1 of its levels.

Inventory:

Hand Weapons
 a - a +0 mace (weapon)
Armour
 b - a +0 robe (worn)
Scrolls
 c - a scroll of identify {unknown}


   Skills:
 + Level 3.3 Fighting
 + Level 3.0 Maces & Flails
 + Level 2.5 Dodging
 + Level 2.1 Stealth


You couldn't memorise any spells.
You didn't know any spells.
Your spell library was empty.

Dungeon Overview and Level Annotations

Branches:
Dungeon (1/15)

Altars:


Innate Abilities, Weirdness & Mutations

You are immune to sickness and miasma.
Your stone body is resilient. (AC +2)
You are immune to poison.
You resist negative energy. (rN+)
You are resistant to electric shocks. (rElec)
You are resistant to unholy torment.
You are immune to petrification.


Message History

c - a scroll labelled TUARUL ONOAHOATIMP A kobold comes into view.
It is wielding a +0 short sword.
Found a hunting sling.
The kobold shouts!
You hear a shout!
An endoplasm comes into view.
The kobold throws a stone.
The stone hits you.
You hit the endoplasm.
The endoplasm is almost dead.
The endoplasm hits you.
A kobold comes into view. It is wielding a +0 short sword.
You barely miss the endoplasm.
The endoplasm is almost dead.
The kobold throws a stone.
The stone misses you.
The endoplasm hits you but does no damage.
You hit the endoplasm.
You kill the endoplasm!
You hit the kobold.
You kill the kobold!
The kobold closely misses you.
You hit the kobold.
The kobold is moderately wounded.
The kobold barely misses you. x2
You barely miss the kobold.
The kobold hits you with a +0 short sword.
You are too injured to fight recklessly!
You are too injured to fight recklessly!
You barely miss the kobold. The kobold closely misses you.
You barely miss the kobold.
The kobold hits you with a +0 short sword.
* * * LOW HITPOINT WARNING * * *
A kobold is nearby!
The kobold throws a stone.
The stone hits you but does no damage.
The kobold throws a stone.
The stone hits you but does no damage.
The kobold throws a stone.
The stone barely misses you.
The kobold throws a stone.
The stone misses you.
You barely miss the kobold. The kobold closely misses you.
You hit the kobold but do no damage. The kobold misses you.
You hit the kobold but do no damage.
The kobold hits you with a +0 short sword.
You die...

####### ≈§≈≈§≈≈ ≈≈≈≈§≈§
§§≈≈§§§## ≈§≈§≈≈§§§..#
≈≈≈§§§§.§..#
≈≈≈≈≈≈§≈§..#
≈≈≈§§§§≈§..#
§≈≈§§≈§≈..@#
≈≈≈§≈≈.§..K#
≈≈≈≈....#§.# ###
≈..........## ...#
.....##.#...## ...#
.....#<.#.#..## ....
.........#.##.K######..#
.##.######.###.....#..#
..# #####K...####


You could see a kobold.

Vanquished Creatures
  An endoplasm (D:1)
  A kobold (D:1)
2 creatures vanquished.

Notes
Turn   | Place    | Note
-------+----------+-------------------------------------------
     0 | D:1      | SanguineChosen the Gargoyle Monk began the quest for the
                  | Orb.
     0 | D:1      | Reached XP level 1. HP: 14/14 MP: 1/1
    71 | D:1      | Slain by a kobold

Illustrated notes

Levels and vault maps discovered:
D:1:      dpeg_arrival_lava_altar, layout_rooms, minmay_tromino_v2

Action                   || total
-------------------------++-------
Melee: Mace              ||    11
Armor: Robe              ||     3
Dodge: Dodged            ||     9
